 Dungeon Crawl Stone Soup version 0.28-a0-1348-g050f3537b9 (webtiles) character file.

Game seed: 16750616785084879298

65 Deminshera the Slasher (level 4, -4/37 HPs)
             Began as a Human Monk on Dec 30, 2021.
             Slain by a gnoll sergeant (12 damage)
             ... on level 2 of the Dungeon.
             The game lasted 00:02:33 (2655 turns).

Deminshera the Slasher (Human Monk)                 Turns: 2655, Time: 00:02:33

Health: -4/37      AC:  6    Str: 13 (14) XL:     4   Next: 34%
Magic:  4/4        EV: 12    Int:  8 (10) God:
Gold:   109        SH:  0    Dex: 12 (15) Spells: 3/3 levels left

rFire   . . .      SeeInvis .   a - +0 falchion
rCold   . . .      Faith    .   (no shield)
rNeg    . . .      Spirit   .   e - +2 leather armour {rPois}
rPois   +          Reflect  .   f - +0 helmet
rElec   .          Harm     .   (no cloak)
rCorr   .          Rampage  .   (no gloves)
Will    .....                   (no boots)
Stlth   ++........              (no amulet)
HPRegen 0.12/turn               (no ring)
MPRegen 0.09/turn               (no ring)

@: lethally poisoned (-4 -> -11)
A: no striking features
a: no special abilities


You were on level 2 of the Dungeon.
You visited 1 branch of the dungeon, and saw 3 of its levels.

You collected 109 gold pieces.

Inventory:

Hand Weapons
 a - a +0 falchion (weapon)
Armour
 e - a +2 leather armour of poison resistance (worn)
 f - a +0 helmet (worn)
Scrolls
 b - a scroll of identify {unknown}


   Skills:
 + Level 3.6 Fighting
 * Level 4.3 Long Blades
 - Level 3.0 Dodging
 - Level 2.0 Stealth


You had 3 spell levels left.
You didn't know any spells.
Your spell library contained the following spells:

 Spells                   Type           Power      Damage    Failure   Level
 Magic Dart               Conj           0%         1d3       50%         1
 Call Imp                 Summ           0%         N/A       63%         2
 Corpse Rot               Necr/Air       0%         N/A       63%         2
 Poisonous Vapours        Pois/Air       0%         N/A       63%         2
 Mephitic Cloud           Conj/Pois/Air  0%         N/A       86%         3


Dungeon Overview and Level Annotations

Branches:
Dungeon (3/15)

Altars:
Dithmenos
Nemelex Xobeh


Message History

You slash the ball python!
You kill the ball python!
No target in view!
No target in view!
No target in view!
HP restored.
You now have 109 gold pieces (gained 5).
A gnoll sergeant is nearby!
A gnoll sergeant is nearby!
There is a stone staircase leading up here.
A gnoll comes into view. It is wielding a +0 halberd.
A gnoll comes into view. It is wielding a +0 spear.
The gnoll sergeant hits you with a +2 trident of venom!
There is a stone staircase leading up, spattered with blood here.
The gnoll shouts!
You hear a shout!
The gnoll sergeant hits you with a +2 trident of venom.
You hear a shout!
You climb upwards.
There is a stone staircase leading down here.
You hit the gnoll sergeant.
The gnoll sergeant is lightly wounded.
The gnoll sergeant closely misses you. The gnoll sergeant blocks your attack.
The gnoll sergeant is lightly wounded.
The gnoll sergeant completely misses you.
You hit the gnoll sergeant but do no damage.
The gnoll sergeant is lightly wounded.
The gnoll sergeant hits you with a +2 trident of venom!
* * * LOW HITPOINT WARNING * * *
You hit the gnoll sergeant but do no damage.
The gnoll sergeant is lightly wounded.
The gnoll sergeant hits you but does no damage.
You are poisoned.
The gnoll sergeant barely misses you. The gnoll sergeant blocks your attack.
The gnoll sergeant is lightly wounded.
* * * LOW HITPOINT WARNING * * *
You feel very sick.
The gnoll sergeant hits you with a +2 trident of venom!
You die...

#..##.##.##..#####.....########
##.##....##...## ######...[...#
...#..######...###.....<..#####
##....# #.#...........##
##....######.##.........##
..........##.#...#..#..##
.....####........#....##
.......#####........###
#....#.#....>.#g@...#
#............#.....####
.....#................###
)..................##...#########
###.......).............[........
###..#.#..........(....#.........
.......#.........#########.......
..........#####.## #.......
.......##..###..# #:......


You could see a gnoll sergeant.

Vanquished Creatures
  A gnoll (D:2)
  An adder (D:1)
  2 worms (D:2)
  2 dart slugs (D:1)
  3 endoplasms
  A giant cockroach (D:3)
  4 goblins
  3 hobgoblins
  4 quokkas
  5 ball pythons
  3 bats (D:1)
  3 frilled lizards
  2 kobolds (D:2)
  2 rats (D:1)
36 creatures vanquished.

Notes
Turn   | Place    | Note
-------+----------+-------------------------------------------
     0 | D:1      | Deminshera the Human Monk began the quest for the Orb.
     0 | D:1      | Reached XP level 1. HP: 18/18 MP: 1/1
   328 | D:1      | Reached XP level 2. HP: 19/24 MP: 2/2
  1060 | D:1      | Reached XP level 3. HP: 22/29 MP: 3/3
  1577 | D:2      | Found a faded altar of an unknown god.
  1802 | D:2      | Reached skill level 4 in Long Blades
  1982 | D:2      | Reached XP level 4. HP: 32/35 MP: 4/4
  2029 | D:2      | Found a shadowy altar of Dithmenos.
  2261 | D:3      | Found a sparkling altar of Nemelex Xobeh.
  2274 | D:3      | Noticed a gnoll sergeant
  2655 | D:2      | Slain by a gnoll sergeant

Illustrated notes

Levels and vault maps discovered:
D:1:      dpeg_arrival_central, layout_basic
D:2:      layout_rooms, basic_altar, dreamdust_ecumenical_altar_statues,
          grunt_decor_one_mirror
D:3:      layout_rooms, nemelex_xobeh_ov_fountains_minmay, tgw_kikubaaqudgha

Skill      XL: |  1  2  3 |
---------------+----------+-----
Long Blades    | 4 |  4.3
Fighting       | |  3.6
Dodging        | |  3.0
Stealth        | |  2.0

Action                   |  1- 3 |  4- 6 || total
-------------------------+-------+-------++-------
Melee: Falchion          |   112 |    27 ||   139
  Use: Potion            |       |     3 ||     3
 Stab: Sleeping          |     5 |     2 ||     7
Armor: Ring mail         |    20 |       ||    20
       Leather armour    |    22 |     9 ||    31
Dodge: Dodged            |    82 |    11 ||    93

Table legend: (Time is in decaauts)
 A = Elapsed time spent in this place.
 B = Non-inter-level travel time spent in this place.
 C = Inter-level travel time spent in this place.
 D = Time resting spent in this place.
 E = Time spent auto-exploring this place.
 F = Levels seen in this place.
 G = Mean time per level.
                   A        B        C        D        E       F      G
               +--------+--------+--------+--------+--------+-----+--------+
         Total |   2674 |   2618 |     56 |   1108 |   1058 |   3 |  891.3 |
       Dungeon |   2674 |   2618 |     56 |   1108 |   1058 |   3 |  891.3 |
               +--------+--------+--------+--------+--------+-----+--------+

Top non-repeatable levels by time:
     D:1: 1642 daAuts
     D:2: 881 daAuts
     D:3: 150 daAuts
